 Dungeon Crawl Stone Soup version 0.20.1-1-g8b1a95d (webtiles) character file.

139185 beigtais the Eclecticist (level 16, -5/86 HPs)
             Began as a Deep Elf Conjurer on May 30, 2017.
             Was the Champion of Vehumet.
             Slain by a sea snake (28 damage)
             ... on level 4 of the Shoals on Aug 3, 2017.
             The game lasted 09:48:39 (45382 turns).

beigtais the Eclecticist (Deep Elf Conjurer)       Turns: 45382, Time: 09:48:40

Health: -5/86      AC: 17    Str:  5    XL:     16   Next: 73%
Magic:  2/48       EV: 18    Int: 28    God:    Vehumet [******]
Gold:   2709       SH:  0    Dex: 10    Spells: 8/50 levels left

rFire    + + .     SeeInvis +   l - +9 heavy crossbow "Sniper" {velocity, Acc+∞ SInv}
rCold    . . .     Gourm    .   (shield currently unavailable)
rNeg     . . .     Faith    .   k - +2 robe "Isor" {rF++ MP+9 Dex-5 SInv}
rPois    +         Spirit   .   B - +2 hat
rElec    .         Reflect  .   (no cloak)
rCorr    .         Harm     .   P - +2 pair of gloves
MR       +....                  o - +1 pair of boots
Stlth    +++.......             (no amulet)
Regen    0.3/turn               j - ring of poison resistance
MPRegen  0.4/turn               m - ring of wizardry

@: about to teleport, sleeping, mesmerised
A: talons 1, icy blue scales 1, slimy green scales 1, yellow scales 1, screaming
1
a: Renounce Religion


You were on level 4 of the Shoals.
You worshipped Vehumet.
Vehumet was exalted by your worship.
You were not hungry.

You visited 5 branches of the dungeon, and saw 28 of its levels.
You also visited: Labyrinth and Ice Cave.

You collected 3801 gold pieces.
You spent 1092 gold pieces at shops.

Inventory:

Hand Weapons
 l - the +9 heavy crossbow "Sniper" (weapon) {velocity, Acc+∞ SInv}
   (You found it on level 11 of the Dungeon)

   Any bolt fired from it inflicts extra damage.
   It lets you see invisible.
 x - a +9 long sword
 X - a +5 blowgun
Missiles
 h - 81 poisoned needles
 q - 3 tomahawks of dispersal
 r - 8 curare-tipped needles
 Z - 292 bolts (quivered)
Armour
 k - the +2 robe "Isor" (worn) {rF++ MP+9 Dex-5 SInv}
   (You took it off an orc wizard on level 6 of the Dungeon)

   It affects your dexterity (-5).
   It greatly protects you from fire.
   It affects your magic capacity (+9).
   It lets you see invisible.
 o - a +1 pair of boots (worn)
 B - a +2 hat (worn)
 P - a +2 pair of gloves (worn)
Jewellery
 j - a ring of poison resistance (left hand)
 m - a ring of wizardry (right hand)
 s - a +3 ring of intelligence
 u - an uncursed ring of protection from fire
 I - an uncursed ring of protection from fire
 K - a +4 ring of intelligence
 O - an uncursed ring of resist corrosion
Wands
 d - a wand of iceblast (8/15)
 g - a wand of lightning (7/15)
 w - a wand of iceblast (4/15)
 y - a wand of disintegration (5/24)
 E - a wand of iceblast (3/15)
 F - a wand of digging (6/24)
 M - a wand of acid (5/15)
 U - a wand of lightning (12/15)
 W - a wand of paralysis (15/24)
Scrolls
 e - 11 scrolls of remove curse
 t - 2 scrolls of identify
 v - 2 scrolls of magic mapping
 A - 9 scrolls of teleportation
 C - 4 scrolls of immolation
Potions
 b - 5 potions of might
 n - 3 potions of haste
 z - 9 potions of mutation
 D - 2 potions of magic
 L - 2 potions of agility
 N - 4 potions of flight
 Q - 3 potions of brilliance
Books
 a - a book of the Earth

   Spells                             Type                      Level
   a - Leda's Liquefaction            Hexes/Earth                  4
   b - Bolt of Magma                  Conjuration/Fire/Earth       5
   c - Statue Form                    Transmutation/Earth          6
   d - Iron Shot                      Conjuration/Earth            6
   e - Shatter                        Earth                        9
 p - a book of Burglary

   Spells                             Type                      Level
   a - Swiftness                      Charms/Air                   2
   b - Passwall                       Transmutation/Earth          2
   c - Passage of Golubria            Translocation                4
   d - Lee's Rapid Deconstruction     Earth                        5
   e - Darkness                       Hexes                        6
   f - Invisibility                   Hexes                        6
 G - a book of Beasts

   Spells                             Type                      Level
   a - Summon Butterflies             Summoning                    1
   b - Call Canine Familiar           Summoning                    3
   c - Summon Ice Beast               Ice/Summoning                4
   d - Summon Mana Viper              Hexes/Summoning              5
   e - Summon Hydra                   Summoning                    7
 H - a book of Transfigurations

   Spells                             Type                      Level
   a - Irradiate                      Conjuration/Transmutation    5
   b - Statue Form                    Transmutation/Earth          6
   c - Hydra Form                     Transmutation                6
   d - Dragon Form                    Transmutation                7
 V - a book of Summonings

   Spells                             Type                      Level
   a - Recall                         Summoning/Translocation      3
   b - Aura of Abjuration             Summoning                    5
   c - Summon Demon                   Summoning                    5
   d - Summon Forest                  Summoning/Translocation      5
   e - Summon Mana Viper              Hexes/Summoning              5
   f - Shadow Creatures               Summoning                    6
Comestibles
 c - 9 bread rations
 f - 13 royal jellies
 J - a fruit
 T - 12 meat rations


   Skills:
 + Level 4.6 Fighting
   Level 3.9(6.7) Short Blades
 + Level 7.7(8.1) Long Blades
 + Level 8.1 Crossbows
 + Level 5.9 Throwing
 * Level 13.3 Dodging
 + Level 7.3 Stealth
 + Level 17.9 Spellcasting
 + Level 11.3 Conjurations
 + Level 12.8 Hexes
 + Level 2.0 Charms
 + Level 7.6 Summonings
 + Level 4.1 Translocations
 * Level 6.7 Fire Magic
 * Level 6.2 Ice Magic
 * Level 6.9 Air Magic
 + Level 0.4 Evocations


You had 8 spell levels left.
You knew the following spells:

 Your Spells              Type           Power        Failure   Level  Hunger
a - Summon Mana Viper     Hex/Summ       ######..     1%          5    None
b - Fireball              Conj/Fire      ######....   1%          5    None
c - Dazzling Spray        Conj/Hex       ######       1%          3    None
d - Fulminant Prism       Conj/Hex       #######...   1%          4    None
e - Confuse               Hex            #######.     1%          3    None
f - Iskenderun's Mystic   Conj           ######..     1%          4    None
g - Freezing Cloud        Conj/Ice/Air   ######....   1%          6    ##.....
h - Blink                 Tloc           N/A          1%          2    None
i - Shroud of Golubria    Chrm/Tloc      #####.....   1%          2    None
j - Gell's Gravitas       Tloc           #####.....   1%          3    None
k - Lightning Bolt        Conj/Air       ######....   1%          5    None


Dungeon Overview and Level Annotations

Branches:
Dungeon (15/15)            Temple (1/1) D:7            Lair (6/6) D:10
 Shoals (4/4) Lair:2        Snake (0/4) Lair:3        Slime (0/5) Lair:6
    Orc (2/2) D:12         Vaults (0/5) D:13         Depths (0/5) D:15
    Elf: Orc:2

Altars:
Ashenzari
Cheibriados
Dithmenos
Elyvilon
Fedhas
Gozag
Hepliaklqana
Kikubaaqudgha
Makhleb
Nemelex Xobeh
Okawaru
Qazlal
Ru
Sif Muna
Trog
Uskayaw
Vehumet
Xom
Yredelemnul
Zin
The Shining One
Jiyva

Shops:
D:4 *   D:6 !   D:9 [   D:14 :   Orc:1 [   Orc:2 [?

Portals:
Trove: D:11 (show abyssal rune of Zot)

Annotations:
Shoals:4 exclusion: oklob plant
Orc:2 MDvedh's ghost, journeyman MiCK


Innate Abilities, Weirdness & Mutations

You have sharp toenails.
You are partially covered in icy blue scales. (AC +2)
You are partially covered in slimy green scales. (AC +2)
You are partially covered in yellow scales. (AC +2)
You occasionally shout uncontrollably at your foes.


Message History

You blink.
The merfolk siren chants a haunting song.
You resist.
The satyr shoots an arrow.
The arrow hits you!
* * * LOW HITPOINT WARNING * * *
The manticore flicks its tail.
The volley of spikes misses you.
The faun gestures at you while chanting.
You easily resist.
As you read the scroll of teleportation, it crumbles to dust.
You feel strangely unstable.
The dream sheep shake their wool and sparkle.
You feel drowsy...
You fall asleep.
The faun shoots a stone.
The stone misses you.
The merfolk siren chants a haunting song.
You resist with almost no effort.
The faun shoots a stone.
The stone completely misses you.
The merfolk siren chants a haunting song.
You are mesmerised by the merfolk siren!
The sea snake bites you!!
You die...

## ≈≈≈≈≈≈≈≈≈≈≈# ≈≈
≈≈##≈≈≈≈≈≈≈...## ≈≈≈
≈≈#≈≈≈≈≈≈.....##+##≈
≈≈≈. ≈'≈≈≈≈≈....(.≈≈≈≈≈≈
.≈≈.####
#S≈≈≈≈......≈≈≈≈≈≈
........ #
##≈≈§§≈......≈≈≈≈≈≈
.......c
≈#####≈≈§§§≈.....≈≈≈≈≈≈≈
........
≈≈≈≈≈≈≈≈§§C≈.m.S@≈≈≈≈≈≈≈
.....c.<
≈≈≈≈...§§§YccH...≈≈≈≈≈≈≈
.....c..
≈≈≈§.§.§§Sc.....≈≈≈≈≈≈≈≈
........
≈§§§§§§§§m§§##..c...≈≈≈≈
..≈c....
≈≈§§§§SYYYY≈.m.......≈≈≈
..#####.
≈≈m§S§§≈≈≈≈≈≈≈......≈≈≈≈
≈ ##
≈≈≈§§#####≈≈≈≈≈..###...≈
≈≈≈t##≈≈.##≈≈≈...# ..≈≈
≈≈≈≈#≈≈)..#≈≈≈≈.


You could see a merfolk impaler, a satyr, 2 sea snakes, 3 fauns, a manticore, a
cyclops, 2 merfolk sirens and 3 dream sheep.

Vanquished Creatures
  Roxanne (D:14)
  A fire giant (D:15)
  2 orc warlords (Orc:1)
  Nessos (D:12)
  An ettin (Orc:1)
  A minotaur (Lab)
  3 hydras
  8 vault guards
  A merfolk aquamancer (Shoals:1)
  5 centaur warriors
  5 two-headed ogres
  3 satyrs
  2 orc high priests (Orc:2)
  2 sea snakes
  2 unseen horrors
  A lindwurm (Lair:6)
  10 harpies
  2 orc sorcerers
  4 oklob plants (Lair:5)
  11 ugly things
  2 deep elf magi (D:15)
  7 manticores
  14 fauns
  A cyclops (D:13)
  A black mamba (Lair:6)
  4 water nymphs
  4 elephants (Lair:2)
  9 merfolk sirens
  2 ice statues (IceCv)
  7 spiny frogs
  3 komodo dragons (Lair:6)
  8 yaktaurs (D:15)
  2 kobold demonologists (D:12)
  A rime drake (Lair:6)
  A tengu conjurer (D:14)
  A komodo dragon (shapeshifter) (D:14)
  9 merfolk
  8 trolls
  5 polar bears
  A queen bee (D:10)
  A tyrant leech (Lair:6)
  2 wind drakes
  3 raiju (Lair:6)
  A harpy skeleton (D:14)
  A hornet (D:8)
  7 hippogriffs
  3 slime creatures (D:12)
  18 dream sheep (Lair:6)
  16 blink frogs
  2 meliai zombies
  Sigmund (D:4)
  4 shadows
  A dancing weapon (D:8)
  4 water elementals (Shoals:1)
  A redback (Lab)
  4 wyverns
  A fire bat (shapeshifter) (D:13)
  3 basilisks
  54 yaks
  Edmund (D:5)
  3 vampire mosquitoes (D:13)
  11 wargs
  10 hell hounds
  A soldier ant (D:13)
  Duvessa (D:7)
  An acid dragon (D:15)
  5 water moccasins
  28 orc warriors
  8 sky beasts
  2 eyes of draining
  8 ice beasts
  3 phantoms
  7 black bears
  5 ogres
  19 wolves
  13 crocodiles
  16 centaurs
  8 big kobolds
  27 bullfrogs
  2 gnoll sergeants (D:9)
  2 wyvern zombies
  6 scorpions
  Dowan (D:7)
  4 jellies
  3 wights (D:8)
  24 killer bees
  5 howler monkeys
  2 electric eels (Lair:1)
  6 crimson imps
  19 orc priests
  A bullfrog skeleton (D:10)
  3 gnoll shamans
  12 hounds
  A quasit (D:13)
  8 centaur skeletons
  31 orc wizards
  Natasha (D:2)
  9 iguanas
  10 worker ants
  A killer bee zombie (D:9)
  An ogre zombie (D:12)
  A hound skeleton (D:11)
  A howler monkey zombie (D:6)
  A worker ant zombie (D:10)
  19 gnolls
  22 adders
  A shadow imp (D:14)
  2 worms
  2 dart slugs (D:3)
  5 leopard geckos
  104 orcs
  5 bats
  4 giant cockroaches
  8 goblins
  6 hobgoblins
  10 jackals
  42 kobolds
  5 quokkas
  4 ball pythons
  3 frilled lizards
  2 goblin skeletons (D:12)
  A goblin zombie (D:12)
  A hobgoblin zombie (D:12)
  A leopard gecko zombie (D:6)
  A quokka skeleton (D:4)
  12 rats
  A butterfly (D:7)
  2 fulminant prisms
  A fungus (Lair:2)
  22 plants
901 creatures vanquished.

Vanquished Creatures (collateral kills)
  A frost giant (IceCv)
  Azrael (D:12)
  A merfolk javelineer (Shoals:1)
  A fire dragon (D:14)
  A merfolk impaler (Shoals:1)
  An ice dragon (Lair:6)
  3 hydras
  A catoblepas (D:14)
  A merfolk avatar (Shoals:4)
  A centaur warrior (D:12)
  2 two-headed ogres
  5 death yaks (Lair:6)
  A fire crab (Lair:6)
  An unseen horror (D:12)
  6 sea snakes
  2 harpies (Shoals:3)
  An ugly thing (D:11)
  An orc knight (Orc:2)
  2 wolf spiders (Lair:2)
  A manticore (Shoals:4)
  An oklob plant (Lair:4)
  5 fauns
  2 merfolk sirens
  5 black mambas
  4 gargoyles
  9 spiny frogs
  7 torpor snails (Lair:6)
  2 rime drakes
  5 komodo dragons
  A troll (D:13)
  18 polar bears
  7 hornets
  A raiju (Lair:6)
  3 wind drakes
  A harpy skeleton (D:15)
  3 tyrant leeches (Lair:6)
  5 hippogriffs
  10 blink frogs
  2 slime creatures
  2 snapping turtles
  2 water elementals (Shoals:1)
  2 fire elementals (D:12)
  30 yaks
  A vampire (D:10)
  A basilisk (Lair:5)
  A wraith (D:13)
  A vampire mosquito (D:13)
  A warg (Lair:6)
  A naga (Lair:3)
  6 water moccasins
  8 porcupines
  5 hell hounds
  2 orc warriors
  7 ice beasts
  5 black bears (Lair:6)
  An ogre (D:11)
  A sky beast (D:10)
  16 wolves
  8 centaurs
  A big kobold (D:11)
  11 bullfrogs
  A wyvern skeleton (D:8)
  A scorpion (D:14)
  A troll zombie (D:12)
  A killer bee (D:11)
  2 crimson imps
  A bullfrog skeleton (D:10)
  2 jellies
  A gnoll shaman (D:9)
  An orc wizard (Orc:2)
  2 centaur skeletons
  A worker ant (D:10)
  2 ogre zombies (D:12)
  2 gnolls
  3 adders
  2 shadow imps
  4 orcs
  3 kobolds (D:11)
  4 orc zombies (D:12)
272 creatures vanquished.

Vanquished Creatures (others)
  A dancing weapon (D:7)
  A hungry ghost (D:8)
  A bullfrog (D:8)
  A troll zombie (D:12)
  A wight (D:8)
  3 ogre zombies (D:12)
  3 goblin skeletons (D:12)
  5 goblin zombies (D:12)
  3 hobgoblin zombies (D:12)
  6 orc zombies (D:12)
  244 fulminant prisms
  23 fungi
  77 plants
369 creatures vanquished.

Grand Total: 1542 creatures vanquished

Notes
Turn   | Place    | Note
-------+----------+-------------------------------------------
     0 | D:1      | beigtais the Deep Elf Conjurer began the quest for the Orb.
     0 | D:1      | Reached XP level 1. HP: 10/10 MP: 6/6
   235 | D:1      | Reached XP level 2. HP: 15/15 MP: 4/8
   239 | D:1      | Learned a level 2 spell: Searing Ray
   560 | D:1      | Reached skill level 5 in Conjurations
   938 | D:2      | Noticed Natasha
   998 | D:2      | Reached XP level 3. HP: 19/19 MP: 6/9
  1029 | D:2      | Learned a level 3 spell: Dazzling Spray
  1070 | D:2      | Killed Natasha
  1667 | D:3      | Reached XP level 4. HP: 24/24 MP: 5/11
  1738 | D:3      | Learned a level 4 spell: Fulminant Prism
  2380 | D:3      | Reached skill level 4 in Spellcasting
  2380 | D:3      | Reached XP level 5. HP: 24/28 MP: 4/13
  3058 | D:4      | Reached skill level 1 in Short Blades
  3065 | D:4      | Noticed Sigmund
  3403 | D:4      | Reached skill level 1 in Fighting
  3779 | D:4      | Found Idoening's General Store.
  3963 | D:5      | Entered Level 5 of the Dungeon
  3963 | D:5      | Noticed a centaur
  3967 | D:5      | Killed a centaur
  3967 | D:5      | Reached XP level 6. HP: 34/34 MP: 7/15
  4063 | D:5      | Reached skill level 5 in Spellcasting
  4136 | D:5      | Reached skill level 1 in Hexes
  4141 | D:5      | Noticed Edmund
  4167 | D:5      | Killed Edmund
  4459 | D:4      | Reached XP level 7. HP: 31/38 MP: 5/17
  4791 | D:4      | Killed Sigmund
  4791 | D:4      | Reached skill level 6 in Spellcasting
  5442 | D:5      | Found a sacrificial altar of Ru.
  5650 | D:5      | Reached XP level 8. HP: 31/44 MP: 15/20
  5996 | D:4      | Bought a book of Maledictions for 275 gold pieces
  5996 | D:4      | Bought a scroll of identify for 22 gold pieces
  5999 | D:4      | Gained mutation: Your spells are a little harder to cast, but a little more powerful. [potion of mutation]
  5999 | D:4      | Lost mutation: Your spells are a little harder to cast, but a little more powerful. [potion of mutation]
  5999 | D:4      | Gained mutation: You occasionally shout uncontrollably at your foes. [potion of mutation]
  5999 | D:4      | Gained mutation: You are partially covered in icy blue scales. (AC +2) [potion of mutation]
  6004 | D:4      | Learned a level 3 spell: Confuse
  6009 | D:4      | Learned a level 4 spell: Iskenderun's Mystic Blast
  6013 | D:4      | Learned a level 3 spell: Tukima's Dance
  6099 | D:6      | Identified a scroll of acquirement
  6115 | D:6      | Reached skill level 7 in Spellcasting
  6257 | D:6      | Found Fiwk's Distillery.
  6260 | D:6      | Bought a potion of curing for 33 gold pieces
  6701 | D:6      | Got a bloodstained robe
  6712 | D:6      | Identified the +2 robe "Isor" {rF++ MP+9 Dex-5 SInv} (You took it off an orc wizard on level 6 of the Dungeon)
  7219 | D:6      | Reached skill level 8 in Spellcasting
  7396 | D:6      | Reached skill level 1 in Throwing
  7476 | D:6      | Reached XP level 9. HP: 38/48 MP: 16/23
  7824 | D:7      | Reached skill level 5 in Dodging
  7829 | D:7      | Reached skill level 9 in Spellcasting
  8163 | D:7      | Reached skill level 5 in Stealth
  8376 | D:7      | Noticed Duvessa
  8381 | D:7      | Noticed Dowan
  8382 | D:7      | Killed Dowan
  8385 | D:7      | Killed Duvessa
  8417 | D:7      | Reached skill level 10 in Spellcasting
  8456 | D:7      | Gained mutation: You are partially covered in slimy green scales. (AC +2) [mutagenic meat]
  8457 | D:7      | Gained mutation: You are partially covered in yellow scales. (AC +2) [mutagenic meat]
  8458 | D:7      | Gained mutation: You have sharp toenails. [mutagenic meat]
  8749 | D:7      | Learned a level 2 spell: Blink
  8752 | D:7      | Learned a level 2 spell: Shroud of Golubria
  8757 | D:7      | Learned a level 3 spell: Gell's Gravitas
  8945 | D:7      | Found a staircase to the Ecumenical Temple.
  8958 | Temple   | Entered the Ecumenical Temple
  9077 | Temple   | Became a worshipper of Vehumet
  9258 | D:8      | Noticed a two-headed ogre
  9893 | D:8      | Reached skill level 5 in Hexes
 10049 | D:9      | Reached XP level 10. HP: 53/53 MP: 26/26
 10052 | D:9      | Noticed a two-headed ogre
 10301 | D:8      | Killed a two-headed ogre
 10301 | D:8      | Reached skill level 1 in Long Blades
 10301 | D:8      | Reached skill level 11 in Spellcasting
 10317 | D:8      | Reached * piety under Vehumet
 10317 | D:8      | Offered knowledge of Freeze by Vehumet.
 10828 | D:8      | Learned a level 5 spell: Summon Mana Viper
 11031 | D:9      | Noticed a two-headed ogre
 11262 | D:8      | Killed a two-headed ogre
 11979 | D:9      | Killed a two-headed ogre
 11979 | D:9      | Reached skill level 12 in Spellcasting
 12262 | D:9      | Reached ** piety under Vehumet
 12262 | D:9      | Offered knowledge of Sandblast by Vehumet.
 12615 | D:9      | Found Fahoz's Antique Armour Boutique.
 12674 | D:10     | Entered Level 10 of the Dungeon
 12782 | D:10     | Reached XP level 11. HP: 57/57 MP: 19/29
 12829 | D:10     | Reached skill level 1 in Summonings
 13033 | D:10     | Offered knowledge of Stone Arrow by Vehumet.
 13189 | D:10     | Reached skill level 1 in Translocations
 13504 | D:10     | Found a staircase to the Lair.
 13585 | D:10     | Reached *** piety under Vehumet
 13933 | D:10     | Offered knowledge of Static Discharge by Vehumet.
 15019 | D:11     | Noticed a green ugly thing
 15024 | D:11     | Reached skill level 5 in Throwing
 15027 | D:11     | Killed a green ugly thing
 15032 | D:11     | Reached **** piety under Vehumet
 15069 | D:11     | Reached skill level 13 in Spellcasting
 15073 | D:11     | Offered knowledge of Lightning Bolt by Vehumet.
 15203 | D:10     | Learned a level 5 spell: Lightning Bolt
 15667 | D:11     | Found a portal to a secret trove of treasure.
 15696 | D:11     | Reached skill level 10 in Conjurations
 17265 | D:12     | Found a labyrinth entrance.
 17265 | D:12     | Noticed Nessos
 17274 | D:12     | Killed Nessos
 17332 | Lab      | Entered a labyrinth
 17704 | Lab      | Reached skill level 1 in Charms
 17704 | Lab      | Reached XP level 12. HP: 64/64 MP: 31/31
 17742 | Lab      | Noticed a minotaur
 17772 | Lab      | Killed a minotaur
 17772 | Lab      | Reached skill level 1 in Crossbows
 17931 | D:12     | Reached ***** piety under Vehumet
 17931 | D:12     | Offered knowledge of Fireball by Vehumet.
 17931 | D:12     | Reached skill level 5 in Long Blades
 18176 | D:12     | Noticed a centaur warrior
 18189 | D:12     | Killed a centaur warrior
 18263 | D:12     | Noticed a two-headed ogre
 18270 | D:12     | Killed a two-headed ogre
 18392 | D:12     | Noticed Azrael
 19066 | Lair:1   | Entered Level 1 of the Lair of Beasts
 20393 | Lair:2   | Reached skill level 14 in Spellcasting
 20556 | Lair:2   | Found a staircase to the Shoals.
 21247 | Lair:2   | Reached XP level 13. HP: 68/68 MP: 30/33
 21335 | Lair:2   | Learned a level 5 spell: Fireball
 21686 | Lair:3   | Offered knowledge of Bolt of Cold by Vehumet.
 21916 | Lair:3   | Found a frozen archway.
 21948 | IceCv    | Entered an ice cave
 23202 | IceCv    | Reached skill level 10 in Dodging
 23204 | IceCv    | Reached skill level 10 in Hexes
 23222 | IceCv    | Noticed a frost giant
 23435 | IceCv    | Killed a frost giant
 24047 | Lair:3   | Found a staircase to the Snake Pit.
 25577 | Lair:4   | Reached skill level 15 in Spellcasting
 26108 | Lair:5   | Offered knowledge of Spellforged Servitor by Vehumet.
 26450 | Lair:5   | Found a dark tunnel.
 26929 | Lair:5   | Reached skill level 5 in Summonings
 26932 | Lair:5   | Reached skill level 5 in Crossbows
 27478 | Lair:6   | Entered Level 6 of the Lair of Beasts
 28504 | Lair:6   | Found a viscous altar of Jiyva.
 28504 | Lair:6   | Found a staircase to the Slime Pits.
 28849 | Lair:6   | Reached XP level 14. HP: 55/72 MP: 30/35
 28992 | Lair:6   | Found a white marble altar of Elyvilon.
 29079 | Lair:6   | Reached skill level 1 in Air Magic
 29085 | Lair:6   | Reached skill level 1 in Fire Magic
 29984 | Lair:6   | Found a runed door.
 30089 | Lair:6   | Reached ****** piety under Vehumet
 30555 | Lair:6   | Offered knowledge of Bolt of Draining by Vehumet.
 30734 | Lair:6   | Reached skill level 16 in Spellcasting
 31783 | Lair:6   | Offered knowledge of Bolt of Fire by Vehumet.
 32897 | D:12     | Found a staircase to the Orcish Mines.
 32906 | D:12     | Killed Azrael
 33226 | Orc:1    | Entered Level 1 of the Orcish Mines
 33498 | Orc:1    | Found Fitsusm's Antique Armour Shoppe.
 33511 | Orc:1    | Noticed an orc warlord
 33731 | Orc:1    | Offered knowledge of Freezing Cloud by Vehumet.
 33737 | Orc:1    | Killed an orc warlord
 33737 | Orc:1    | Reached XP level 15. HP: 65/80 MP: 24/37
 33939 | Orc:1    | Learned a level 6 spell: Freezing Cloud
 34326 | Orc:2    | Entered Level 2 of the Orcish Mines
 34328 | Orc:2    | Noticed MDvedh's ghost (journeyman MiCK)
 34466 | Orc:2    | Found Tiruor's Magic Scroll Shoppe.
 34531 | Orc:2    | Bought a scroll of acquirement for 624 gold pieces
 34531 | Orc:2    | Bought a scroll of identify for 24 gold pieces
 34531 | Orc:2    | Bought a scroll of identify for 24 gold pieces
 34531 | Orc:2    | Bought a scroll of enchant weapon for 90 gold pieces
 34576 | Orc:2    | Found Sairel's Armour Boutique.
 35019 | Orc:2    | Noticed an orc warlord
 35179 | Orc:2    | Reached skill level 1 in Ice Magic
 35527 | Orc:1    | Noticed an orc warlord
 35542 | Orc:1    | Killed an orc warlord
 35624 | Orc:1    | Offered knowledge of Ozocubu's Refrigeration by Vehumet.
 36453 | D:13     | Reached skill level 5 in Fire Magic
 36973 | D:13     | Reached skill level 5 in Air Magic
 37023 | D:13     | Found a gate to the Vaults.
 38323 | D:14     | Noticed Roxanne
 38429 | D:14     | Killed Roxanne
 38550 | D:14     | Found Qaofit Muisk's Book Boutique.
 39139 | D:15     | Entered Level 15 of the Dungeon
 39179 | D:15     | Found a staircase to the Depths.
 39179 | D:15     | Noticed a fire giant
 39337 | D:15     | Reached skill level 17 in Spellcasting
 40212 | D:15     | Found a glowing golden altar of the Shining One.
 40464 | D:15     | Upgraded the game from 0.20.0-8-g6b59dc7 to 0.20.1-1-g8b1a95d
 40469 | D:15     | Killed a fire giant
 40469 | D:15     | Reached XP level 16. HP: 86/86 MP: 28/39
 41090 | Shoals:1 | Entered Level 1 of the Shoals
 41150 | Shoals:1 | Offered knowledge of Glaciate by Vehumet.
 41150 | Shoals:1 | Offered knowledge of Tornado by Vehumet.
 41150 | Shoals:1 | Offered knowledge of Ignition by Vehumet.
 41569 | Shoals:1 | Reached skill level 5 in Ice Magic
 44977 | Shoals:4 | Entered Level 4 of the Shoals
 45017 | Shoals:4 | Found a hazy altar of Hepliaklqana.
 45382 | Shoals:4 | Slain by a sea snake

Skill      XL: |  1  2  3  4  5  6  7  8  9 10 11 12 13 14 15 16 |
---------------+-------------------------------------------------+-----
Conjurations   | 5 6 7 8 9 10 11 | 11.3
Stealth        | 3 4 5 6 7 |  7.3
Spellcasting   | 4 5 6 8 10 12 13 14 15 16 17 | 17.9
Short Blades   | 1 2 3 |  3.9
Dodging        | 3 4 5 6 8 9 10 11 12 13 | 13.3
Fighting       | 1 2 4 |  4.6
Hexes          | 1 2 3 5 6 8 9 10 11 12 | 12.8
Throwing       | 1 3 4 5 |  5.9
Long Blades    | 3 4 6 7 |  7.7
Summonings     | 2 3 5 6 7 |  7.6
Translocations | 2 3 4 |  4.1
Charms         | 1 2 |  2.0
Crossbows      | 3 5 6 7 8 |  8.1
Air Magic      | 4 5 6 |  6.9
Fire Magic     | 4 5 6 |  6.7
Ice Magic      | 4 6 |  6.2
Evocations     | |  0.4

Action                   |  1- 3 |  4- 6 |  7- 9 | 10-12 | 13-15 | 16-18 || total
-------------------------+-------+-------+-------+-------+-------+-------++-------
Melee: Dagger            |    12 |    13 |    78 |       |       |       ||   103
       Kick              |       |       |    11 |    45 |     6 |       ||    62
       Long sword        |       |       |     6 |   237 |    67 |       ||   310
 Fire: Heavy crossbow    |       |       |       |    22 |   401 |    68 ||   491
       Blowgun           |       |       |       |     1 |    10 |       ||    11
Throw: Stone             |       |     7 |       |    24 |       |       ||    31
       Tomahawk          |       |       |     2 |    26 |     4 |       ||    32
 Cast: Magic Dart        |    70 |    69 |    57 |       |       |       ||   196
       Dazzling Spray    |     1 |     2 |     2 |     7 |    24 |     9 ||    45
       Fulminant Prism   |       |    19 |    64 |    59 |    99 |     5 ||   246
       Searing Ray       |       |     3 |     6 |       |       |       ||     9
       Iskenderun's Myst |       |       |    28 |    94 |    93 |     6 ||   221
       Confuse           |       |       |    25 |   137 |   174 |    50 ||   386
       Gell's Gravitas   |       |       |    10 |    46 |    10 |     9 ||    75
       Tukima's Dance    |       |       |     2 |     3 |       |       ||     5
       Shroud of Golubri |       |       |     1 |     8 |     5 |     3 ||    17
       Summon Mana Viper |       |       |       |   102 |   193 |    43 ||   338
       Blink             |       |       |       |     4 |    22 |     5 ||    31
       Lightning Bolt    |       |       |       |     8 |    98 |    37 ||   143
       Fireball          |       |       |       |       |    20 |    60 ||    80
       Freezing Cloud    |       |       |       |       |    62 |    14 ||    76
Evoke: Wand              |       |       |       |     2 |     4 |     1 ||     7
  Use: Scroll            |     4 |     4 |     8 |    10 |    28 |     9 ||    63
       Potion            |     1 |     8 |     1 |     3 |     9 |     2 ||    24
 Stab: Sleeping          |       |     1 |     1 |       |       |       ||     2
       Confused          |       |       |    13 |    18 |     2 |       ||    33
       Distracted        |       |       |       |     1 |       |       ||     1
       Invisible         |       |       |       |       |     1 |       ||     1
  Eat: Chunk             |     1 |     4 |    19 |    34 |    44 |    15 ||   117
       Bread ration      |     1 |     1 |     1 |       |       |       ||     3
       Meat ration       |       |       |       |     2 |     2 |       ||     4
       Fruit             |       |       |       |       |     8 |     2 ||    10
       Royal jelly       |       |       |       |       |     3 |       ||     3
Armor: Robe              |     2 |       |    16 |    92 |   112 |    28 ||   250
       Skin              |       |     3 |       |       |       |       ||     3
Dodge: Dodged            |    14 |    15 |    50 |   229 |   292 |    93 ||   693
       Rpst.: Long sword |       |       |     2 |    59 |    26 |       ||    87
